 Dungeon Crawl Stone Soup version 0.28-b1-25-g9875b3fc8c (webtiles) character file.

Game seed: 17044866923801510949

583 unlimited1921 the Ogre Mage (level 7, -4/68 HPs)
             Began as an Ogre Fire Elementalist on Jan 31, 2022.
             Killed by divine providence
             ... invoked by an orc priest
              (9 damage)
             ... on level 4 of the Dungeon.
             The game lasted 00:26:54 (11171 turns).

unlimited1921 the Ogre Mage (OgFE)                 Turns: 11171, Time: 00:26:55

Health: -4/68      AC:  3    Str: 13    XL:     7   Next: 37%
Magic:  0/13       EV: 10    Int: 18    God:
Gold:   217        SH:  0    Dex:  9    Spells: 11/15 levels left

rFire   . . .      SeeInvis .   r - +2 mace (protect)
rCold   . . .      Faith    .   (no shield)
rNeg    . . .      Spirit   .   a - +0 robe
rPois   .          Reflect  .   (helmet restricted)
rElec   .          Harm     .   (no cloak)
rCorr   .          Rampage  .   (gloves unavailable)
Will    .....                   (boots unavailable)
Stlth   ++........              (no amulet)
HPRegen 0.21/turn               (no ring)
MPRegen 0.13/turn               (no ring)

@: no status effects
A: large, unfitting armour, tough skin 1
a: no special abilities


You were on level 4 of the Dungeon.
You visited 1 branch of the dungeon, and saw 5 of its levels.

You collected 217 gold pieces.

Inventory:

Hand Weapons
 d - a +0 hunting sling
 h - a +0 short sword
 j - a +0 mace
 l - a +0 vampiric dagger
 q - a +2 dagger of electrocution
 r - a +2 mace of protection (weapon)
 t - a +1 whip of pain
 u - a +3 great mace of draining
 y - a +0 war axe
 A - a +2 hand axe of freezing
Missiles
 b - 12 poisoned darts (quivered)
 g - 75 stones
 n - 3 boomerangs
 s - 19 bolts
Armour
 a - a +0 robe (worn)
Scrolls
 c - a scroll of amnesia
 f - a scroll of immolation
 m - a scroll of torment {unknown}
 p - 2 scrolls of teleportation
 v - a scroll of holy word {unknown}
 w - a scroll of enchant armour {unknown}
 x - a scroll of summoning {unknown}
 z - a scroll of identify
Potions
 e - a potion of brilliance
 i - 2 potions of lignification {unknown}
 k - 2 potions of mutation
 o - 2 potions of curing {unknown}


   Skills:
 * Level 3.7 Fighting
 + Level 2.8 Maces & Flails
 + Level 0.5 Throwing
 + Level 2.5 Dodging
 + Level 1.9 Stealth
 + Level 4.6 Spellcasting
 - Level 1.5 Conjurations
 + Level 4.2 Fire Magic


You had 11 spell levels left.
You knew the following spells:

 Your Spells              Type           Power      Damage    Failure   Level
a - Foxfire               Conj/Fire      56%        2x1d6     4%          1
b - Inner Flame           Hex/Fire       11%        N/A       17%         3

Your spell library contained the following spells:

 Spells                   Type           Power      Damage    Failure   Level
 Scorch                   Fire           38%        2d6       3%          2
 Conjure Flame            Conj/Fire      14%        6-21      13%         3
 Mephitic Cloud           Conj/Pois/Air  6%         N/A       32%         3
 Flame Wave               Conj/Fire      14%        2d6       38%         4
 Dispel Undead            Necr           4%         3d7       80%         4
 Necromutation            Tmut/Necr      2%         N/A       100%        8


Dungeon Overview and Level Annotations

Branches:
Dungeon (5/15)
 Temple: D:4-7

Altars:


Innate Abilities, Weirdness & Mutations

You are too large for most types of armour.
You have tough skin. (AC +1)


Message History

The orc warrior hits you with a +0 glaive!
* * * LOW HITPOINT WARNING * * *
Your foxfire dissipates!
The foxfire hits the orc warrior.
The orc warrior is heavily wounded.
The orc warrior barely misses you.
There is a stone staircase leading up here.
The orc priest hits you with a +0 hand axe.
* * * LOW HITPOINT WARNING * * *
The orc warrior hits you from afar with a +0 glaive!
* * * LOW HITPOINT WARNING * * *
You climb upwards.
There is a stone staircase leading down here.
Casting: Foxfire (safe; 4% risk of failure)
Confirm with . or Enter, or press ? or * to list all spells.
You conjure some foxfire!
The orc priest closely misses you.
The orc priest barely misses your foxfire.
The foxfire hits the orc priest.
The orc priest is heavily wounded.
The foxfire hits the orc priest.
The orc priest is severely wounded.
The orc priest barely misses you.
The orc priest mumbles some strange prayers to Beogh against you.
Pain shoots through your body!
* * * LOW HITPOINT WARNING * * *
The orc priest begins to cast a cantrip, but forgets the words!
Casting: Foxfire (safe; 4% risk of failure)
Confirm with . or Enter, or press ? or * to list all spells.
You conjure some foxfire!
Your foxfire dissipates!
The foxfire hits the orc priest.
The orc priest is severely wounded.
Casting: Foxfire (safe; 4% risk of failure)
Confirm with . or Enter, or press ? or * to list all spells.
You conjure some foxfire!
The foxfire hits the orc priest.
The orc priest is almost dead.
Your foxfire dissipates!
The orc priest invokes the aid of Beogh against you.
Beogh smites you!
You die...

############# #.#
#...........# #.#
#...........# #.#
#...........# #.#
#........<..# #.#
#...........# #o#
#...........# #.#
#...........# #.#
######.#########@#
.......#.........#
########.#######.#
#.# #.# ##.#####
#.# #......# ###
#......# #......#
##
#......#########


You could see an orc priest.

Vanquished Creatures
  An ogre (D:4)
  A scorpion (D:4)
  2 orc priests (D:4)
  2 hounds (D:4)
  2 iguanas (D:4)
  2 orc wizards (D:4)
  A hound skeleton (D:4)
  4 gnolls (D:3)
  6 adders
  An adder skeleton (D:4)
  2 worms
  4 dart slugs
  12 orcs
  4 endoplasms
  2 giant cockroaches
  15 hobgoblins
  4 jackals (D:4)
  3 quokkas (D:1)
  9 ball pythons
  4 bats
  7 frilled lizards
  6 goblins
  7 kobolds
  5 rats
106 creatures vanquished.

Vanquished Creatures (others)
  283 foxfires
  11 fungi (D:1)
  5 toadstools (D:1)
  A withered plant (D:2)
300 creatures vanquished.

Grand Total: 406 creatures vanquished

Notes
Turn   | Place    | Note
-------+----------+-------------------------------------------
     0 | D:1      | unlimited1921 the Ogre Fire Elementalist began the quest
                  | for the Orb.
     0 | D:1      | Reached XP level 1. HP: 16/16 MP: 3/3
   460 | D:1      | Got Exiutzae's Almanac of Sinister Contamination
   736 | D:1      | Reached XP level 2. HP: 24/24 MP: 3/5
  1454 | D:1      | Reached skill level 1 in Conjurations
  2508 | D:1      | Reached skill level 1 in Fighting
  2662 | D:1      | Reached XP level 3. HP: 32/33 MP: 5/7
  4775 | D:2      | Found a faded altar of an unknown god.
  6727 | D:3      | Reached XP level 4. HP: 42/42 MP: 4/8
  7880 | D:3      | Reached XP level 5. HP: 32/49 MP: 1/10
  8404 | D:3      | Reached skill level 1 in Maces & Flails
  8543 | D:3      | Learned a level 3 spell: Inner Flame
  9244 | D:4      | Reached XP level 6. HP: 38/61 MP: 6/11
 10175 | D:4      | Reached XP level 7. HP: 56/67 MP: 9/13
 11110 | D:5      | Entered Level 5 of the Dungeon
 11157 | D:4      | HP: 2/68 [orc priest/nerve-wracking pain (7)]
 11171 | D:4      | Killed from afar by an orc priest

Illustrated notes

Levels and vault maps discovered:
D:1:      dpeg_arrival_water_fire, layout_basic, minmay_gold_behind_fungi
D:2:      layout_loops_ring, ebering_ecumenical_altar_petrified,
          amethyst_killhole
D:3:      minmay_chambers_of_twos, layout_basic
D:4:      layout_basic, serial_curves, eino_curves_01, eino_curves_04,
          hangedman_decor_points
D:5:      layout_cave_pools, minivault_19

Skill      XL: |  1  2  3  4  5  6 |
---------------+-------------------+-----
Fire Magic     | 3 4 |  4.2
Dodging        | 2 |  2.5
Conjurations   | 1 |  1.5
Fighting       | 1 3 |  3.7
Spellcasting   | 3 4 |  4.6
Maces & Flails | 1 2 |  2.8
Throwing       | |  0.5
Stealth        | |  1.9

Action                   |  1- 3 |  4- 6 |  7- 9 || total
-------------------------+-------+-------+-------++-------
Melee: Short sword       |    35 |       |       ||    35
       Punch             |     2 |       |       ||     2
       Mace              |    15 |    93 |    16 ||   124
Throw: Dart              |     2 |     5 |       ||     7
       Boomerang         |     7 |       |       ||     7
 Cast: Foxfire           |    72 |    79 |    34 ||   185
       Inner Flame       |       |       |     1 ||     1
  Use: Scroll            |     5 |     3 |       ||     8
 Stab: Sleeping          |       |     1 |       ||     1
Armor: Robe              |    12 |    39 |     8 ||    59
Dodge: Dodged            |    30 |    69 |    21 ||   120
